Map: Frozen Temple

Players

NotoriousMID - Winner!

  • Race: Terran Terran
  • League: Gold
  • Spawn Location: 11:00

Fropez

  • Race: Protoss Protoss
  • League: Gold
  • Spawn Location: 5:00

VOD

Have the link to the VOD?

Description

Time

  • Played on: Sept. 27, 2016, 12:13 p.m.
  • Length: 12:52
Show
View Real Time Build Order
Export as new Build Order

NotoriousMID Terran - Winner!

Build Orders:  

Get SALT Encoding   

  12  0:04  SCV  
  13  0:16  SCV  
  14  0:21  Supply Depot  
  14  0:29  SCV  
  15  0:43  SCV  
  15  0:46  Barracks  
  16  0:52  Refinery  
  16  1:02  Barracks  
  16  1:05  SCV  
  18  1:18  SCV  
  18  1:30  SCV  
  19  1:33  Marine  
  20  1:42  Orbital Command  
  20  1:48  Supply Depot  
  20  1:50  Barracks Tech Lab  
  20  1:52  Marine  
  21  2:08  SCV  
  22  2:12  Marauder  
  22  2:13  Barracks Reactor  
  22  2:15  Concussive Shells  
  24  2:33  Command Center  
  24  2:43  SCV, Refinery  
  25  2:44  Marauder  
  25  2:49  Marine x2  
  29  2:55  SCV  
  30  3:05  Factory  
  30  3:07  SCV  
  31  3:19  Supply Depot  
  31  3:22  Marine x2  
  31  3:23  SCV  
  34  3:30  Marauder  
  36  3:36  SCV  
  37  3:44  Supply Depot  
  37  3:51  SCV  
  37  3:53  Marine x2  
  40  4:05  Starport  
  40  4:14  Orbital Command  
  40  4:17  SCV  
  40  4:21  Marine  
  40  4:23  Marine  
  43  4:29  SCV  
  44  4:32  Stimpack  
  44  4:36  Marauder  
  46  4:40  SCV  
  46  4:42  Marine  
  46  4:44  Marine  
  49  4:48  Supply Depot  
  49  4:52  SCV x2  
  51  5:00  Medivac  
  51  5:05  Marine x2  
  51  5:06  Marauder  
  57  5:07  SCV  
  57  5:08  SCV  
  57  5:12  Supply Depot  
  59  5:20  SCV x2  
  61  5:26  Engineering Bay  
  61  5:30  Engineering Bay  
  61  5:32  Marine x2, SCV x2  
  61  5:33  Marauder  
  67  5:38  Starport Reactor  
  67  5:43  Supply Depot  
  67  5:44  SCV x2  
  69  5:55  Missile Turret  
  69  5:56  Marine x2, SCV x2  
  73  5:57  Marauder  
  73  6:00  Terran Infantry Weapons Level 1  
  73  6:01  Terran Infantry Armor Level 1  
  73  6:12  SCV x2  
  73  6:15  Medivac  
  73  6:17  Medivac  
  79  6:24  SCV x2  
  75  6:36  SCV x2  
  75  6:39  Marine x2  
  75  6:40  Marauder  
  75  6:45  Medivac  
  81  6:47  Medivac  
  81  6:48  SCV x2  
  85  6:57  Command Center  
  85  7:00  SCV x2  
  87  7:02  Marauder  
  87  7:03  Marine x2  
  91  7:12  SCV  
  91  7:13  SCV  
  91  7:15  Supply Depot  
  93  7:24  Marine  
  94  7:33  Supply Depot  
  94  7:36  Marine, SCV x2, Marauder  
  94  7:53  SCV x2  
  94  7:58  Marauder  
  90  8:09  Marine x2  
  90  8:10  SCV x2  
  90  8:19  Marauder  
  87  8:41  Marauder  
  87  8:44  Marine x2  
  87  8:45  SCV x2  
  87  8:48  Orbital Command  
  79  8:59  Barracks x2  
  79  9:00  Barracks  
  79  9:01  Barracks  
  79  9:02  Barracks  
  73  9:13  Missile Turret  
  73  9:15  Missile Turret  
  73  9:22  Missile Turret  
  73  9:24  Marine, SCV x3, Missile Turret  
  76  9:25  Marine, Medivac x2  
  76  9:27  Missile Turret  
  82  9:31  Marauder  
  82  9:36  SCV x3  
  87  9:41  Armory, Missile Turret  
  87  9:44  Missile Turret  
  87  9:47  Refinery  
  87  9:48  SCV  
  87  9:49  SCV x2, Refinery  
  90  9:53  Marine x2  
  90  9:54  Barracks Reactor  
  90  9:55  Barracks Reactor x2  
  90  9:56  Barracks Tech Lab x2  
  90  9:57  Missile Turret  
  92  10:01  Missile Turret  
  87  10:17  Marine x2  
  87  10:19  Barracks Tech Lab  
  89  10:22  Barracks Reactor  
  89  10:36  Marine x2  
  89  10:37  Marine x3  
  89  10:38  Marine x2  
  89  10:39  Marine  
  89  10:40  Marauder x2  
  89  10:41  SCV x3  
  104  10:46  Supply Depot  
  104  10:51  Refinery  
  104  10:53  SCV x3, Refinery  
  107  10:58  Marine x6  
  107  10:59  Marine x3  
  107  11:00  Marine  
  107  11:01  Marauder  
  107  11:02  Marauder  
  121  11:17  Marine x3  
  124  11:23  Marauder x2  
  127  11:35  Marine x3  
  127  11:36  Marine x3  
  133  11:43  Marine  
  133  11:44  Marine  
  133  11:49  Marine x2, Supply Depot  
  133  11:51  Marauder  
  133  11:52  Supply Depot  
  133  11:54  Marauder, Medivac  
  133  12:00  Marine x2  
  133  12:04  Marine x3  
  133  12:05  Marine, Medivac  
  133  12:07  SCV  
  133  12:11  SCV x2  
  133  12:12  Marauder  
  139  12:16  Marauder  
  139  12:25  Command Center, Missile Turret  
Show
View Real Time Build Order
Export as new Build Order

Fropez Protoss 

Build Orders:  

Get SALT Encoding   

  12  0:02  Probe (Chrono Boost)  
  13  0:13  Probe (Chrono Boost)  
  14  0:21  Pylon  
  14  0:23  Probe (Chrono Boost)  
  15  0:39  Probe (Chrono Boost)  
  15  0:40  Gateway  
  16  0:50  Probe (Chrono Boost)  
  16  0:54  Assimilator  
  17  1:01  Probe (Chrono Boost)  
  18  1:05  Pylon  
  18  1:08  Pylon  
  18  1:11  Probe (Chrono Boost)  
  19  1:22  Probe (Chrono Boost)  
  20  1:28  Cybernetics Core  
  21  1:33  Probe (Chrono Boost)  
  21  1:43  Probe (Chrono Boost)  
  21  1:45  Gateway  
  22  1:50  Assimilator  
  22  1:54  Probe (Chrono Boost)  
  23  2:10  Warp Gate (Chrono Boost)  
  22  2:16  Mothership Core (Chrono Boost)  
  24  2:32  Nexus  
  24  2:34  Probe (Chrono Boost)  
  25  2:41  Adept  
  27  2:45  Probe (Chrono Boost)  
  28  2:59  Gateway  
  28  3:05  Twilight Council, Probe  
  29  3:16  Adept  
  29  3:17  Probe  
  32  3:29  Probe  
  32  3:30  Adept, Pylon  
  35  3:41  Probe  
  35  3:43  Resonating Glaives (Chrono Boost)  
  35  3:47  Adept  
  38  3:50  Adept  
  38  3:51  Probe  
  41  4:00  Probe  
  42  4:09  Probe  
  42  4:14  Probe  
  44  4:20  Probe  
  45  4:26  Pylon, Probe  
  45  4:28  Pylon  
  46  4:32  Probe  
  46  4:35  Gateway  
  45  4:38  Pylon, Probe  
  46  4:46  Probe  
  46  4:48  Gateway  
  46  4:51  Probe  
  46  4:52  Adept x2  
  52  4:56  Probe  
  53  5:03  Probe  
  54  5:07  Probe  
  55  5:14  Pylon  
  55  5:16  Pylon  
  55  5:17  Probe  
  55  5:19  Robotics Facility  
  56  5:33  Adept x3  
  62  5:46  Probe  
  62  5:47  Probe  
  62  5:48  Gateway  
  64  5:50  Stargate, Gateway  
  64  6:03  Adept x5, Probe  
  74  6:04  Probe  
  74  6:13  Probe  
  74  6:16  Probe  
  66  6:42  Adept x5  
  76  6:56  Oracle (Chrono Boost)  
  76  6:57  Nexus  
  76  6:58  Pylon  
  76  7:00  Observer  
  80  7:02  Pylon  
  80  7:04  Assimilator  
  80  7:07  Assimilator  
  80  7:12  Probe  
  81  7:16  Adept  
  81  7:17  Adept x6  
  81  7:20  Probe  
  81  7:21  Assimilator  
  96  7:23  Assimilator  
  96  7:24  Probe  
  97  7:30  Probe  
  97  7:36  Pylon  
  77  8:07  Adept  
  77  8:08  Adept x4  
  77  8:09  Adept  
  77  8:18  Adept  
  66  8:29  Pylon  
  66  8:30  Pylon, Stalker x3  
  66  8:31  Stalker  
  68  9:04  Nexus  
  68  9:13  Nexus  
  68  9:15  Pylon  
  68  9:19  Nexus, Probe  
  69  9:24  Stalker x2  
  69  9:25  Stalker x4  
  69  9:27  Blink (Chrono Boost)  
  81  9:33  Oracle  
  84  9:39  Probe  
  85  9:51  Probe  
  86  10:03  Probe  
  73  10:15  Probe  
  73  10:20  Probe  
  68  10:24  Adept, Probe  
  68  10:25  Adept x4  
  68  10:27  Probe  
  81  10:30  Probe  
  82  10:38  Probe  
  82  10:39  Probe  
  84  10:44  Immortal (Chrono Boost)  
  88  10:56  Oracle (Chrono Boost)  
  91  11:00  Adept x2  
  91  11:02  Probe x2  
  97  11:05  Gateway  
  97  11:10  Assimilator  
  90  11:11  Assimilator  
  90  11:16  Adept  
  90  11:17  Adept  
  94  11:32  Stalker x3  
  97  11:45  Stalker x2  
  76  12:07  Probe x2  
  76  12:08  Probe, Immortal  
  81  12:19  Nexus, Probe x2  
  81  12:21  Probe  
  83  12:41  Adept x3  
  83  12:42  Adept  
Tags
 
League
GoldGold
Matchup
PvT
Replay Pack
All Mines
Spawn Locations
Cross Positions
Add a new tag
Caveats
  • Supply blocks, unpowered buildings, or Contaminate may cause inaccurate times.
  • Supply counts are checked every 10 seconds.